cohdb
Replays
Latest Replays
All Replays
Popular Replays
Top Player Replays
Match Explorer
How It Works
Community
CoH3 Stats
Reddit
Sign in to upload your games and track your stats! →
Sign in with Steam
Match 44900642
Unlisted
Match 44900642
Overview
Messages
Build Orders
End
Kettenkrad Recon Vehicle
Construct Infanterie Kompanie
Selects Terror Battlegroup
Selects Machine Gun Camouflage
MG 42 Machine Gun Team
MG 42 Machine Gun Team
MG 42 Machine Gun Team
GrW 34 Mortar Team
Grenadier Squad
Construct Luftwaffe Kompanie
221 Scout Car
Selects Contempt for the Weak
Jäger Squad
Support Elements
Wirbelwind Flakpanzer
Selects Propaganda Leaflet Drop
Wirbelwind Flakpanzer
Propaganda Leaflet Drop
Side Skirts
Construct Panzergrenadier Kompanie
Nebelwerfer 42 Rocket Launcher Team
Propaganda Leaflet Drop
Nebelwerfer 42 Rocket Launcher Team
Pak 40 Anti-tank Gun Team
Propaganda Leaflet Drop
Pak 40 Anti-tank Gun Team
Selects V1 Rocket Strike
V1 Rocket Strike
Forward Retreat Point
Selects Defend the Fatherland
StuG III G Assault Gun
Marder III M Tank Destroyer
StuG III G Assault Gun
Gwangju's Hero Chun Doo-gwang
Blaston
Cmdte. Canela
toumodafeiji
Dingo Enjoyer
Adelfos88
从心
实践
0
0
Comments
sign in to comment!
No comments posted yet!